 Dungeon Crawl Stone Soup version 0.27-a0-277-g024f7ef292 (webtiles) character file.

Game seed: 11390993038983439619

419 skwiii the Digger (level 6, -2/32 HPs)
             Began as a Gargoyle Earth Elementalist on Feb 6, 2021.
             Killed by divine providence
             ... invoked by an orc priest
              (15 damage)
             ... on level 3 of the Dungeon.
             The game lasted 00:28:41 (5050 turns).

skwiii the Digger (Gargoyle Earth Elementalist)     Turns: 5050, Time: 00:28:41

Health: -2/32      AC:  8    Str: 11    XL:     6   Next: 93%
Magic:  3/13       EV: 12    Int: 18    God:
Gold:   155        SH:  0    Dex: 10    Spells: 8/14 levels left

rFire    + . .     SeeInvis .   (no weapon)
rCold    + . .     Faith    .   (no shield)
rNeg     + . .     Spirit   .   u - +1 robe {rC+}
rPois    ∞         Reflect  .   i - +1 hat
rElec    +         Harm     .   (no cloak)
rCorr    .         Rampage  .   (no gloves)
Will     .....                  (no boots)
Stlth    +.........             (no amulet)
HPRegen  0.10/turn              p - ring of protection from fire
MPRegen  0.13/turn              (no ring)

@: very slow
A: negative energy resistance 1, electricity resistance, unbreathing,
petrification resistance, miasma immunity, AC +4
a: no special abilities


You were on level 3 of the Dungeon.
You visited 1 branch of the dungeon, and saw 4 of its levels.
You also visited: Sewer.

You collected 155 gold pieces.

Inventory:

Missiles
 b - 4 stones
Armour
 c - a +0 robe
 i - a +1 hat (worn)
 u - a +1 robe of cold resistance (worn)
 w - a +0 robe
Jewellery
 a - an uncursed ring of willpower {unknown}
 p - a ring of protection from fire (left hand)
 r - an uncursed ring of see invisible {unknown}
Wands
 v - a wand of iceblast (9)
Scrolls
 f - 2 scrolls of amnesia {unknown}
 g - 2 scrolls of identify
 k - a scroll of magic mapping {unknown}
 l - a scroll of fog {unknown}
 n - a scroll of teleportation {unknown}
 q - a scroll of fear
 s - a scroll of remove curse {unknown}
Potions
 d - a potion of ambrosia {unknown}
 e - 2 potions of flight {unknown}
 h - a potion of degeneration {unknown}
 j - a potion of resistance {unknown}
 m - a potion of mutation {unknown}
 o - a potion of heal wounds {unknown}
 t - a potion of curing {unknown}


   Skills:
 - Level 1.6 Dodging
 - Level 2.3 Stealth
 * Level 4.8 Spellcasting
 - Level 0.9 Transmutations
 * Level 6.8 Earth Magic


You had 8 spell levels left.
You knew the following spells:

 Your Spells              Type           Power        Failure   Level
a - Sandblast             Erth           56%          1%          1
b - Stone Arrow           Conj/Erth      32%          10%         3
c - Passwall              Tmut/Erth      15%          4%          2

Your spell library contained the following spells:

 Spells                   Type           Power        Failure   Level
 Lee's Rapid Deconstruct  Erth           14%          22%         5
 Petrify                  Tmut/Erth      18%          28%         4


Dungeon Overview and Level Annotations

Branches:
Dungeon (4/15)              Sewer (visited)
 Temple: D:4-7

Altars:


Innate Abilities, Weirdness & Mutations

You are resistant to torment.
Your stone body is resilient. (AC +4)
You are immune to poison.
You resist negative energy. (rN+)
You are resistant to electric shocks. (rElec)
You can survive without breathing.
You are immune to petrification.
You are immune to miasma.


Message History

The orc priest hits you with a +0 short sword.
You climb upwards.
There is a stone staircase leading down here.
You hit the orc.
The orc is lightly wounded.
The orc closely misses you.
The orc priest hits you with a +0 short sword.
The orc hits you but does no damage.
Your magical contamination has completely faded away.
The orc throws a boomerang of dispersal.
The boomerang of dispersal closely misses you.
The orc throws a boomerang of dispersal.
The boomerang of dispersal hits you.
You blink.
The orc priest mumbles some strange prayers to Beogh against you.
Beogh smites you!
You enter the shallow water.
Moving in this stuff is going to be slow.
The orc priest invokes the aid of Beogh against you.
Beogh smites you!
You die...

#.........####..≈≈≈†≈##
#.#.###.### #≈#######≈#
#.#.#.....# #≈##≈≈≈.#≈#
#.#.#.#.#.###≈#≈###≈#.#
............#≈##≈.#≈#.#
#.#.#.#.#.###≈#####≈#≈#
..........####≈.≈≈.##≈#
###.#######.o########≈#
....######>.#o≈≈@≈≈≈≈##
######...oo.################
#.#####...............# #.#
#......########.# #.#
#....>.# #.# #.# #.###..#
#.# #<#####.# #..### #.#
#####..<.##.# #....# #.#
#...####.##.# #.##.# ##.#


You could see an orc priest and an orc.

Vanquished Creatures
  A scorpion (D:3)
  A hound (D:4)
  2 bullfrog skeletons (D:4)
  Natasha (twice) (D:3)
  An iguana (D:3)
  A worker ant zombie (D:2)
  9 adders
  A river rat (D:3)
  2 oozes (D:1)
  3 worms (D:2)
  An adder skeleton (D:2)
  A dart slug (D:2)
  3 leopard geckos
  4 orcs
  3 ball pythons
  4 giant cockroaches
  6 goblins
  5 hobgoblins
  7 jackals (D:2)
  9 kobolds
  A quokka (D:4)
  9 bats
  10 frilled lizards
  8 rats
94 creatures vanquished.

Vanquished Creatures (others)
  2 plants (D:3)
2 creatures vanquished.

Grand Total: 96 creatures vanquished

Notes
Turn   | Place    | Note
-------+----------+-------------------------------------------
     0 | D:1      | skwiii the Gargoyle Earth Elementalist began the quest for
                  | the Orb.
     0 | D:1      | Reached XP level 1. HP: 10/10 MP: 3/3
   441 | D:1      | Reached XP level 2. HP: 15/15 MP: 1/5
   650 | D:1      | Reached skill level 4 in Earth Magic
   769 | D:1      | Reached XP level 3. HP: 19/19 MP: 4/6
  1493 | D:2      | Reached XP level 4. HP: 24/24 MP: 1/8
  1966 | D:2      | Reached skill level 5 in Earth Magic
  2483 | D:2      | Reached XP level 5. HP: 11/28 MP: 8/10
  2915 | D:2      | Learned a level 3 spell: Stone Arrow
  2918 | D:2      | Learned a level 2 spell: Passwall
  2989 | D:3      | Found a glowing drain.
  2993 | Sewer    | Entered a sewer
  3529 | D:3      | Found a faded altar of an unknown god.
  3911 | D:3      | Reached skill level 6 in Earth Magic
  3911 | D:3      | Reached XP level 6. HP: 14/32 MP: 9/12
  4382 | D:3      | Noticed Natasha
  4392 | D:3      | Killed Natasha
  4628 | D:3      | Noticed Natasha
  4634 | D:3      | Killed Natasha
  5050 | D:3      | Killed from afar by an orc priest

Illustrated notes

Levels and vault maps discovered:
D:1:      wander_arrival_estate, layout_basic
D:2:      layout_loops_ring, kennysheep_boxes
D:3:      cheibrodos_old_hovel, layout_loops_ring,
          chequers_ecumenical_altar_grove, gup_sewer_entry_spiral,
          saegor_snake_ambush, uniq_natasha
D:4:      wad_lake_hut, layout_loops_ring, serial_shops, shop

Skill      XL: |  1  2  3  4  5 |
---------------+----------------+-----
Earth Magic    | 4 5 6 |  6.8
Spellcasting   | 3 4 |  4.8
Dodging        | |  1.6
Stealth        | |  2.3
Transmutations | |  0.9

Action                   |  1- 3 |  4- 6 || total
-------------------------+-------+-------++-------
Melee: Unarmed           |     7 |   302 ||   309
 Cast: Sandblast         |    47 |    39 ||    86
       Stone Arrow       |       |    35 ||    35
  Use: Scroll            |       |     4 ||     4
Armor: Robe              |    19 |   143 ||   162
Dodge: Dodged            |    31 |   231 ||   262

Table legend: (Time is in decaauts)
 A = Elapsed time spent in this place.
 B = Non-inter-level travel time spent in this place.
 C = Inter-level travel time spent in this place.
 D = Time resting spent in this place.
 E = Time spent auto-exploring this place.
 F = Levels seen in this place.
 G = Mean time per level.
                   A        B        C        D        E       F      G
               +--------+--------+--------+--------+--------+-----+--------+
         Total |   5127 |   4973 |    154 |    490 |   2452 |   5 | 1025.4 |
       Dungeon |   5073 |   4919 |    154 |    490 |   2432 |   4 | 1268.2 |
         Sewer |     53 |     53 |      0 |      0 |     20 |   1 |   53.0 |
               +--------+--------+--------+--------+--------+-----+--------+

Top non-repeatable levels by time:
     D:3: 1858 daAuts
     D:1: 1531 daAuts
     D:2: 1391 daAuts
     D:4: 291 daAuts
   Sewer: 53 daAuts
